PIO (24 & UNDER)
SASKATOON SMOKIN' GUNS @ COLORADO COMMANDERS
10/05/2026
 
TOP OF THE 1ST
Saskatoon Smokin' Guns batting - Pitching for Colorado Commanders : RHP Héctor Rodríguez
Pitching: RHP Héctor Rodríguez
Batting: LHB Alejandro Rojas 0-0: Ball
1-0: Ground out 4-3 (Groundball, 4)
Batting: RHB Rijk de Rade 0-0: SINGLE (Groundball, 34)
Batting: LHB Raúl Casillán 0-0: Ball
1-0: Ball
2-0: Reached on error, E2 (Groundball, 23)
Rijk de Rade to third
Batting: LHB José Liñares 0-0: Ball
1-0: Ball
2-0: Ball
3-0: Called Strike
3-1: Called Strike
3-2: Foul Ball, location: 2F
3-2: Foul Ball, location: 2F
3-2: Strikes out swinging
Batting: RHB César Rodríguez 0-0: Ball
1-0: Called Strike
1-1: Foul Ball, location: 2F
1-2: Ball
2-2: Foul Ball, location: 2F
2-2: Foul Ball, location: 2F
2-2: Fly out, F8 (Flyball, 8RXD)
Top of the 1st over - 0 run(s), 1 hit(s), 1 error(s), 2 left on base; Saskatoon 0 - Colorado 0
BOTTOM OF THE 1ST
Colorado Commanders batting - Pitching for Saskatoon Smokin' Guns : RHP Daniel Casey
Pitching: RHP Daniel Casey
Batting: RHB David Ward 0-0: Ball
1-0: Ball
2-0: Called Strike
2-1: Fly out, F8 (Flyball, 8LM)
Batting: RHB Carlos Hernández 0-0: Called Strike
0-1: Foul Ball, location: 2F
0-2: Ball
1-2: Ball
2-2: Strikes out swinging
Batting: RHB Adam Reeves 0-0: Foul Ball, location: 2F
0-1: Ball
1-1: Swinging Strike
1-2: Foul Ball, location: 2F
1-2: Ball
2-2: Strikes out looking
Bottom of the 1st over - 0 run(s), 0 hit(s), 0 error(s), 0 left on base; Saskatoon 0 - Colorado 0
TOP OF THE 2ND
Saskatoon Smokin' Guns batting - Pitching for Colorado Commanders : RHP Héctor Rodríguez
Batting: LHB Russell Peck 0-0: Ball
1-0: Ball
2-0: Called Strike
2-1: Foul Ball, location: 2F
2-2: Ball
3-2: Ground out 4-3 (Groundball, 4)
Batting: RHB Johnny MacNamara 0-0: Ball
1-0: Ball
2-0: Foul Ball, location: 2F
2-1: Ball
3-1: Ground out 6-3 (Groundball, 6)
Batting: LHB Bo Rush 0-0: Ball
1-0: Swinging Strike
1-1: SINGLE (Line Drive, 8LS)
Batting: RHB Alvin Hampton 0-0: Ground out 5-3 (Groundball, 5L)
Top of the 2nd over - 0 run(s), 1 hit(s), 0 error(s), 1 left on base; Saskatoon 0 - Colorado 0
BOTTOM OF THE 2ND
Colorado Commanders batting - Pitching for Saskatoon Smokin' Guns : RHP Daniel Casey
Batting: RHB Roberto Rodríguez 0-0: Ball
1-0: Ball
2-0: Fly out, F6 (Line Drive, 6)
Batting: RHB Randall Luna 0-0: SINGLE (Line Drive, 78S)
Batting: RHB Chris Rice 0-0: Called Strike
0-1: Called Strike
0-2: Ball
1-2: Strikes out swinging
Batting: RHB Tony Barton 0-0: Foul Ball, location: 2F
0-1: Swinging Strike
0-2: Ball
1-2: Ball
2-2: Ball
3-2: Strikes out swinging
Bottom of the 2nd over - 0 run(s), 1 hit(s), 0 error(s), 1 left on base; Saskatoon 0 - Colorado 0
TOP OF THE 3RD
Saskatoon Smokin' Guns batting - Pitching for Colorado Commanders : RHP Héctor Rodríguez
Batting: LHB Alejandro Rojas 0-0: Called Strike
0-1: Foul Ball, location: 2F
0-2: Strikes out looking
Batting: RHB Rijk de Rade 0-0: Foul Ball, location: 2F
0-1: Ball
1-1: Foul Ball, location: 2F
1-2: Foul Ball, location: 2F
1-2: Ball
2-2: Ball
3-2: Foul Ball, location: 2F
3-2: Base on Balls
Batting: LHB Raúl Casillán 0-0: Grounds into double play, 4-6-3 (Groundball, 4)
Top of the 3rd over - 0 run(s), 0 hit(s), 0 error(s), 0 left on base; Saskatoon 0 - Colorado 0
BOTTOM OF THE 3RD
Colorado Commanders batting - Pitching for Saskatoon Smokin' Guns : RHP Daniel Casey
Batting: RHB Frank Martínez 0-0: Foul Ball, location: 2F
0-1: Ball
1-1: Ball
2-1: Ball
3-1: Foul Ball, location: 2F
3-2: Foul Ball, location: 2F
3-2: Strikes out swinging
Batting: RHB Nick Vogel 0-0: Foul Ball, location: 2F
0-1: Ground out 4-3 (Groundball, 4M)
Batting: RHB David Ward 0-0: Swinging Strike
0-1: Ball
1-1: Called Strike
1-2: Ball
2-2: Strikes out swinging
Bottom of the 3rd over - 0 run(s), 0 hit(s), 0 error(s), 0 left on base; Saskatoon 0 - Colorado 0
TOP OF THE 4TH
Saskatoon Smokin' Guns batting - Pitching for Colorado Commanders : RHP Héctor Rodríguez
Batting: LHB José Liñares 0-0: Swinging Strike
0-1: Ball
1-1: Called Strike
1-2: Strikes out looking
Batting: RHB César Rodríguez 0-0: Ball
1-0: Ball
2-0: SOLO HOME RUN (Flyball, 89XD), Distance : 392 ft
Batting: LHB Russell Peck 0-0: Foul Ball, location: 2F
0-1: Fly out, F8 (Flyball, 8LD)
Batting: RHB Johnny MacNamara 0-0: Ball
1-0: Fly out, F4 (Line Drive, 34)
Top of the 4th over - 1 run(s), 1 hit(s), 0 error(s), 0 left on base; Saskatoon 1 - Colorado 0
BOTTOM OF THE 4TH
Colorado Commanders batting - Pitching for Saskatoon Smokin' Guns : RHP Daniel Casey
Batting: RHB Carlos Hernández 0-0: Called Strike
0-1: Ball
1-1: Called Strike
1-2: Foul Ball, location: 2F
1-2: Ball
2-2: Fly out, F1 (Line Drive, 13)
Batting: RHB Adam Reeves 0-0: SINGLE (Groundball, 56D)
Batting: RHB Roberto Rodríguez 0-0: Ball
1-0: Fly out, F9 (Flyball, 9S)
Batting: RHB Randall Luna 0-0: Ball
1-0: DOUBLE (Line Drive, 5D)
Adam Reeves to third
Batting: RHB Chris Rice 0-0: Ground out 5-3 (Groundball, 5)
Bottom of the 4th over - 0 run(s), 2 hit(s), 0 error(s), 2 left on base; Saskatoon 1 - Colorado 0
TOP OF THE 5TH
Saskatoon Smokin' Guns batting - Pitching for Colorado Commanders : RHP Héctor Rodríguez
Batting: LHB Bo Rush 0-0: Ball
1-0: Ball
2-0: SOLO HOME RUN (Flyball, 9D), Distance : 388 ft
Batting: RHB Alvin Hampton 0-0: Called Strike
0-1: Ball
1-1: Ball
2-1: Called Strike
2-2: Fly out, F5 (Line Drive, 56)
Batting: LHB Alejandro Rojas 0-0: Ground out 1-3 (Groundball, 23)
Batting: RHB Rijk de Rade 0-0: Called Strike
0-1: Ball
1-1: Swinging Strike
1-2: Strikes out swinging
Top of the 5th over - 1 run(s), 1 hit(s), 0 error(s), 0 left on base; Saskatoon 2 - Colorado 0
BOTTOM OF THE 5TH
Colorado Commanders batting - Pitching for Saskatoon Smokin' Guns : RHP Daniel Casey
Batting: RHB Tony Barton 0-0: Ground out 5-3 (Groundball, 5S)
Batting: RHB Frank Martínez 0-0: SOLO HOME RUN (Flyball, 78XD), Distance : 402 ft
Batting: RHB Nick Vogel 0-0: Ball
1-0: Foul Ball, location: 2F
1-1: Swinging Strike
1-2: Strikes out looking
Batting: RHB David Ward 0-0: Ball
1-0: Foul Ball, location: 2F
1-1: Called Strike
1-2: Ball
2-2: Foul Ball, location: 2F
2-2: Foul Ball, location: 2F
2-2: Strikes out looking
Bottom of the 5th over - 1 run(s), 1 hit(s), 0 error(s), 0 left on base; Saskatoon 2 - Colorado 1
TOP OF THE 6TH
Saskatoon Smokin' Guns batting - Pitching for Colorado Commanders : RHP Héctor Rodríguez
Batting: LHB Raúl Casillán 0-0: Ball
1-0: Ball
2-0: Called Strike
2-1: Swinging Strike
2-2: Foul Ball, location: 2F
2-2: Foul Ball, location: 2F
2-2: SOLO HOME RUN (Flyball, 9D), Distance : 365 ft
Batting: LHB José Liñares 0-0: Ball
1-0: Ground out 1-3 (Groundball, 15)
Batting: RHB César Rodríguez 0-0: Swinging Strike
0-1: Ball
1-1: Foul Ball, location: 2F
1-2: Strikes out swinging
Batting: LHB Russell Peck 0-0: Foul Ball, location: 2F
0-1: Foul Ball, location: 2F
0-2: Ball
1-2: Fly out, F5 (Popup, 56S)
Top of the 6th over - 1 run(s), 1 hit(s), 0 error(s), 0 left on base; Saskatoon 3 - Colorado 1
BOTTOM OF THE 6TH
Colorado Commanders batting - Pitching for Saskatoon Smokin' Guns : RHP Daniel Casey
Batting: RHB Carlos Hernández 0-0: Ball
1-0: Swinging Strike
1-1: SOLO HOME RUN (Line Drive, 7D), Distance : 354 ft
Pitching: LHP Ernesto Pérez
Batting: RHB Adam Reeves 0-0: SINGLE (Line Drive, 56)
Batting: RHB Roberto Rodríguez 0-0: Ball
1-0: Swinging Strike
1-1: Swinging Strike
1-2: Ball
2-2: Strikes out swinging
Batting: RHB Randall Luna 0-0: Ball
1-0: SINGLE (Groundball, 25) (infield hit)
Adam Reeves to second
Batting: RHB Chris Rice 0-0: Ball
1-0: Called Strike
1-1: Swinging Strike
1-2: Foul Ball, location: 2F
1-2: Foul Ball, location: 2F
1-2: Fly out, F8 (Flyball, 89S)
Batting: RHB Tony Barton 0-0: Fly out, F9 (Flyball, 9M)
Bottom of the 6th over - 1 run(s), 3 hit(s), 0 error(s), 2 left on base; Saskatoon 3 - Colorado 2
TOP OF THE 7TH
Saskatoon Smokin' Guns batting - Pitching for Colorado Commanders : RHP Héctor Rodríguez
Pitching: RHP Pedro Vélez
Batting: RHB Johnny MacNamara 0-0: Called Strike
0-1: Ball
1-1: Swinging Strike
1-2: Ground out 6-3 (Groundball, 6)
Batting: LHB Bo Rush 0-0: Fly out, F7 (Line Drive, 78M)
Batting: RHB Alvin Hampton 0-0: Ball
1-0: Ground out 5-3 (Groundball, 5)
Top of the 7th over - 0 run(s), 0 hit(s), 0 error(s), 0 left on base; Saskatoon 3 - Colorado 2
BOTTOM OF THE 7TH
Colorado Commanders batting - Pitching for Saskatoon Smokin' Guns : LHP Ernesto Pérez
Batting: RHB Frank Martínez 0-0: Ball
1-0: Foul Ball, location: 2F
1-1: Foul Ball, location: 2F
1-2: Foul Ball, location: 2F
1-2: Foul Ball, location: 2F
1-2: Ball
2-2: Strikes out swinging
Batting: RHB Nick Vogel 0-0: Foul Ball, location: 2F
0-1: Ball
1-1: Ground out 1-3 (Groundball, 13S)
Batting: RHB David Ward 0-0: Ball
1-0: Swinging Strike
1-1: Foul Ball, location: 2F
1-2: Foul Ball, location: 2F
1-2: Strikes out looking
Bottom of the 7th over - 0 run(s), 0 hit(s), 0 error(s), 0 left on base; Saskatoon 3 - Colorado 2
TOP OF THE 8TH
Saskatoon Smokin' Guns batting - Pitching for Colorado Commanders : RHP Pedro Vélez
Batting: LHB Alejandro Rojas 0-0: Ground out 4-3 (Groundball, 4M)
Batting: RHB Rijk de Rade 0-0: Fly out, F4 (Popup, 4D)
Batting: LHB Raúl Casillán 0-0: Ball
1-0: Called Strike
1-1: Foul Ball, location: 2F
1-2: Ball
2-2: Fly out, F7 (Flyball, 7LD)
Top of the 8th over - 0 run(s), 0 hit(s), 0 error(s), 0 left on base; Saskatoon 3 - Colorado 2
BOTTOM OF THE 8TH
Colorado Commanders batting - Pitching for Saskatoon Smokin' Guns : LHP Ernesto Pérez
Pitching: RHP Bernardo García
Batting: RHB Carlos Hernández 0-0: Ball
1-0: SINGLE (Line Drive, 34D)
Pinch Runner at 1st Rafael López:
Batting: RHB Adam Reeves 0-0: Ball
1-0: 2-RUN HOME RUN (Flyball, 78XD), Distance : 408 ft
Batting: RHB Roberto Rodríguez 0-0: Fly out, F8 (Flyball, 8LM)
Batting: RHB Randall Luna 0-0: Ball
1-0: Called Strike
1-1: Foul Ball, location: 2F
1-2: Ball
2-2: Ball
3-2: Strikes out looking
Batting: RHB Chris Rice 0-0: Ground out 6-3 (Groundball, 6M)
Bottom of the 8th over - 2 run(s), 2 hit(s), 0 error(s), 0 left on base; Saskatoon 3 - Colorado 4
TOP OF THE 9TH
Saskatoon Smokin' Guns batting - Pitching for Colorado Commanders : RHP Pedro Vélez
Pitching: RHP Tomás Rodríguez
Now at 1B: Kyle Vélez
Now in CF: Rafael López
Batting: LHB José Liñares 0-0: Ball
1-0: Called Strike
1-1: Foul Ball, location: 2F
1-2: Strikes out swinging
Batting: RHB César Rodríguez 0-0: Foul Ball, location: 2F
0-1: Ground out 6-3 (Groundball, 56)
Batting: LHB Russell Peck 0-0: Fly out, F3 (Popup, 3S)
Top of the 9th over - 0 run(s), 0 hit(s), 0 error(s), 0 left on base; Saskatoon 3 - Colorado 4
Monday, December 5th, 2016 - OOTP Baseball 17.12 Build 75